 Dungeon Crawl Stone Soup version 0.18.1-8-gdd0e5ea (webtiles) character file.

72 dvd the Grave Robber (level 4, -8/30 HPs)
             Began as a Demonspawn Necromancer on June 2, 2016.
             Was an Initiate of Ru.
             Mangled by Sigmund
             ... wielding a +0 scythe
              (10 damage)
             ... on level 2 of the Dungeon.
             The game lasted 00:05:09 (1716 turns).

dvd the Grave Robber (Demonspawn Necromancer)       Turns: 1716, Time: 00:05:09

Health: -8/30      AC:  2    Str:  8    XL:     4   Next: 6%
Magic:  8/8        EV: 16    Int: 18    God:    Ru [......]
Gold:   80         SH:  0    Dex: 13    Spells: 3 memorised, 1 level left

rFire  . . .     SeeInvis .     e - +0 spear
rCold  . . .     Gourm    .     a - +0 robe
rNeg   . . .     Faith    .     (no shield)
rPois  .         Spirit   .     (helmet restricted)
rElec  .         Dismiss  .     (no cloak)
rCorr  .         Reflect  .     (no gloves)
SustAt .         Harm     .     (no boots)
MR     .....                    (no amulet)
Stlth  ++........               (no ring)
                                h - +4 ring of evasion

@: not resistant to hostile enchantments, unstealthy
A: horns 2, spiny 1
a: Renounce Religion


You were on level 2 of the Dungeon.
You worshipped Ru.
Ru was noncommittal.
You were not hungry.

You visited 1 branch of the dungeon, and saw 2 of its levels.

You collected 80 gold pieces.

Inventory:

Hand Weapons
 e - a +0 spear (weapon)
Armour
 a - a +0 robe (worn)
Jewellery
 h - a +4 ring of evasion (left hand)
Scrolls
 d - 2 scrolls of random uselessness {unknown}
 i - a scroll of amnesia {unknown}
 j - 3 scrolls of identify {unknown}
 k - a scroll of enchant armour {unknown}
Potions
 f - 2 potions of haste {unknown}
 l - a potion of invisibility {unknown}
 m - a potion of curing {unknown}
Books
 b - a book of Necromancy

   Spells                             Type                      Level
   a - Pain                           Necromancy                   1
   b - Animate Skeleton               Necromancy                   1
   c - Vampiric Draining              Necromancy                   3
   d - Regeneration                   Charms/Necromancy            3
   e - Animate Dead                   Necromancy                   4
   f - Control Undead                 Necromancy                   4
Comestibles
 c - 2 bread rations
 g - 2 chunks of flesh


   Skills:
 + Level 0.2 Fighting
 + Level 2.0 Dodging
 + Level 2.1 Stealth
 + Level 2.7 Spellcasting
 + Level 5.3 Necromancy


You had one spell level left.
You knew the following spells:

 Your Spells              Type           Power        Failure   Level  Hunger
a - Pain                  Necr           ###.         1%          1    #......
b - Vampiric Draining     Necr           ###.......   6%          3    ###....
c - Regeneration          Chrm/Necr      ##........   21%         3    ###....


Dungeon Overview and Level Annotations

Branches:
Dungeon (2/15)

Altars:
Ru

Annotations:
D:2 Sigmund


Innate Abilities, Weirdness & Mutations

You have a pair of horns on your head.
You are partially covered in sharp spines.


Message History

You hear some strange, mumbled words.
A puff of flame appears from out of thin air!
The puff of flame hits you!
You bump into the rock wall.
Something hits you!
* * * LOW HITPOINT WARNING * * *
You bump into the rock wall.
You feel less confused. Something hits you but does no damage.
You hear some strange, mumbled words.
You are confused.
A magic dart appears from out of thin air!
The magic dart hits you!
* * * LOW HITPOINT WARNING * * *
Sigmund appears from thin air!
Reactivating autopickup.
Sigmund closely misses you. Sigmund closely misses you.
You feel less confused.
Sigmund hits you from afar with a scythe!
You die...

###.........>...........##.......
###............)..#..#####.......
.................#..######.......
####............##.###...........
######....##..........#.......
###### ##.#..#..........#...!...
#....# #.......@........#.......
#....# ..................#.......
#....##.##..###.@........#.#.....
#..).......# #...........#.######
.....## ##.# #.#..########.#
#.....# #.###...## #.# .<#.#.##
#.##...#### #.# ###.#..#
#.........# #.#
#..#.###.........### #.#
####.....รท...........#####.####
...##....#......####)..##.....#


You could see Sigmund.

Vanquished Creatures
  An adder (D:2)
  2 oozes
  4 giant geckos
  3 ball pythons
  6 bats
  5 giant cockroaches (D:1)
  6 goblins
  4 hobgoblins (D:2)
  2 kobolds
  A quokka (D:2)
  4 giant newts
  11 rats
49 creatures vanquished.

Notes
Turn   | Place    | Note
--------------------------------------------------------------
     0 | D:1      | dvd the Demonspawn Necromancer began the quest for the Orb.
     0 | D:1      | Reached XP level 1. HP: 13/13 MP: 3/3
   354 | D:1      | Gained mutation: You are partially covered in sharp spines. [demonic ancestry]
   354 | D:1      | Reached XP level 2. HP: 19/19 MP: 3/5
   676 | D:1      | Reached skill level 5 in Necromancy
   868 | D:1      | Gained mutation: You have a pair of small horns on your head. [demonic ancestry]
   868 | D:1      | Reached XP level 3. HP: 22/24 MP: 2/6
   873 | D:1      | Learned a level 3 spell: Vampiric Draining
  1323 | D:2      | Learned a level 3 spell: Regeneration
  1479 | D:2      | Gained mutation: You have a pair of horns on your head. [demonic ancestry]
  1479 | D:2      | Reached XP level 4. HP: 28/30 MP: 3/8
  1541 | D:2      | Found a sacrificial altar of Ru.
  1546 | D:2      | Became a worshipper of Ru the Awakened
  1667 | D:2      | Noticed Sigmund
  1716 | D:2      | Mangled by Sigmund

Skill      XL: |  1  2  3 |
---------------+----------+-----
Necromancy     | 5 |  5.3
Dodging        | 2 |  2.0
Stealth        | 2 |  2.1
Fighting       | |  0.2
Spellcasting   | |  2.7

Action                   |  1- 3 |  4- 6 || total
-------------------------+-------+-------++-------
Melee: Spear             |    17 |     2 ||    19
 Cast: Pain              |    50 |     7 ||    57
 Stab: Sleeping          |     6 |       ||     6
  Eat: Chunk             |     2 |     1 ||     3
Armor: Robe              |     4 |     1 ||     5
Dodge: Dodged            |    11 |     2 ||    13
